r e k t, neutral male scurrid Tourist }}}}}}}}}}}}}}}}}}}}}}}}}}}}}}}}}}}}}}}}}}}}}}}}}}}}}}}}}}}}}}}}}}}}}}}}}}} `.=}}}}}}}}}}}}}}}}}}}}}}}}}}}}}}}}}}}.}}}}}}}}}}}}}}}}}}}}}}}}}}}} #.}B}}}}}}}}}}}}}}}}}}}.}}}}}}}}.}}}...}}}}}}}.}}}}}......}}}}}}} #.}}}}}}}}}}}%.}}}}.@# }}}}}}...# # # ....}}}}}}}}} #`.}}}}}...}}}}}..`..# #.}}} #.....B}}}`..# }}.}}}.}}...}}}}}.# }}. ?...}}}#.}}}}..... }}}.# }}}}}}}}}}}}..# #..}}} }}B}}}B}}#.%}}} }}.. }}}}}}}..... ?.B}}}}}}}}}}}}}}} }}}# }}}}} }}}.# }}..}}}}}}}}}.}}}}}}}} }}} }}}}}} .}} #}}}}}}}}}}`....}}}}}}}} }# # }...}}} ..}}}}}}}}}}}.#...}}}}}}} .# # ...}}}} }}}....}}}}}}}. .}}.}}}}B}}} } # .}}}}} }}}}}}}..#..}}}}}} }}}}}}}..}}}} # }}}.... .`}}}}}}.# ...B}}}} }}}}}}..#.}}}}. }}.}}}}} .}...}!.} #.#.?}}}}}.}}}}}}} ...}}.. }}}}}..# }..}}}.`.. . }}}}}} ...}B}}}} }}}}}}# ....# }}}}..}}}.# }}}}}}}}.#..}}}}}} }}}}}} ... }}}}}}}}} }}}}}}}} }} .}B}}}}} }}}}}} }}} }}}}}}}} }}}}}}}}}}} }}}}}}}}} }}}}}}} }}}} r e k t the Rambler Experience level: 1 Strength: 12 Dexterity: 14 Constitution: 14 Intelligence: 13 Wisdom: 6 Charisma: 16 Health: 6(9) Energy: 2(2) Def: 0 Gold: 138 Moves: 55 Dungeon seed: g2IhVkRUerVhfSth Game ID: r e k t_1498624619 Your Inventory: Coins $ - 138 gold pieces Weapons a - 44 uncursed very rusty +2 darts (in quiver) Armor e - an uncursed +0 Hawaiian shirt (being worn) Comestibles b - 2 uncursed tripe rations c - 4 uncursed food rations d - an uncursed egg f - an uncursed pancake g - an uncursed banana h - 2 uncursed tins of spinach Scrolls j - 4 uncursed scrolls of blank paper Potions i - 2 uncursed potions of water Wands m - an uncursed rusty wand of secret door detection (0:15) Tools k - an uncursed expensive camera (0:80) l - an uncursed credit card n - an uncursed oil lamp (0:1100) Spells and supernatural/magical abilities: Name Level Category Fail Memory W - pray for help -- divine ? -- Your skills at the end: Miscellaneous Skills wands [Basic] Weapon Skills dart [Basic] Spellcasting Skills Final Attributes: You were devoutly aligned. You had infravision. You were very stealthy. You survived. Voluntary challenges: You went without food. You did not adorn yourself with jewelry or accessories. You did not cause conflict. You were not invisible. You did not have reflection. You were not displaced. You were an atheist. You never hit with a wielded weapon. You were a pacifist. You did not use tools. You did not use plumbed fixtures. You did not drink any magical draughts. You were illiterate. You never genocided any monsters. You never polymorphed an object. You never changed form. You used no wishes. You never split a pudding. You never wrote Elbereth's name. You never violated your personal moral code. Dungeon overview: The Dungeons of Doom: levels 1 to 22 Level 1 a long staircase Level 2 Level 3 Level 4 Level 5 Level 6 Level 7 a fountain Level 8 Level 9 Level 10 Level 11 a fountain Level 12 Level 13 Level 14 Level 15 Level 16 Level 17 Level 18 Level 19 Level 20 Level 21 Level 22 <- You were here many trees History has recorded: On T:1 you entered the Dungeons of Doom to retrieve the Amulet of Yendor! On T:4 you reached level 2 of The Dungeons of Doom. On T:6 you reached level 3 of The Dungeons of Doom. On T:8 you reached level 4 of The Dungeons of Doom. On T:10 you reached level 5 of The Dungeons of Doom. On T:13 you reached level 6 of The Dungeons of Doom. On T:15 you reached level 7 of The Dungeons of Doom. On T:17 you reached level 8 of The Dungeons of Doom. On T:19 you reached level 9 of The Dungeons of Doom. On T:22 you reached level 10 of The Dungeons of Doom. On T:25 you reached level 11 of The Dungeons of Doom. On T:28 you reached level 12 of The Dungeons of Doom. On T:30 you reached level 13 of The Dungeons of Doom. On T:32 you reached level 14 of The Dungeons of Doom. On T:34 you reached level 15 of The Dungeons of Doom. On T:37 you reached level 16 of The Dungeons of Doom. On T:39 you reached level 17 of The Dungeons of Doom. On T:41 you reached level 18 of The Dungeons of Doom. On T:41 you entered the Rogue tribute level. On T:43 you reached level 19 of The Dungeons of Doom. On T:47 you reached level 20 of The Dungeons of Doom. On T:49 you reached level 21 of The Dungeons of Doom. On T:52 you reached level 22 of The Dungeons of Doom. Score breakdown: Gold: 0 ( 0 points) Experience: 1 level ( 0 points) Exploration: 22 levels ( 630 points) Discoveries: 2 items ( 100 points) Variety of kills: 0 monsters ( 0 points) Major goal: (nothing yet) ( 0 points) Survival: quit (score multiplied by 3) Total score: 2190 Latest messages: You fall through... You start digging downward. You continue digging downward. You dig a pit in the floor. You continue digging downward. You dig a hole through the floor. You fall through... You start digging downward. You continue digging downward. As you dig, the hole fills with water! You fall into the water! You sink like a rock. Your darts rust! Your wand of secret door detection rusts! You try to crawl out of the water. Pheew! That was close. That command is only available in debug mode. You fall into the water! You sink like a rock. Your darts rust further! You try to crawl out of the water. Pheew! That was close. That command is only available in debug mode. Final status: Aloha r e k t the Tourist, quit... You quit in The Dungeons of Doom on dungeon level 22 with 2190 points, and 138 pieces of gold, after 55 moves. You were level 1 with a maximum of 9 hit points when you quit.